[Event "*** Qualifier 4: Titled Tuesday 3|2 Blitz"]
[Site "Chess.com"]
[Date "2017.04.25"]
[Round "4"]
[White "dolynachess"]
[Black "Lawliet64"]
[Result "1-0"]
[WhiteElo "2352"]
[BlackElo "1482"]
[TimeControl "180+2"]
[EndTime "13:43:49 PDT"]
[Termination "dolynachess won by resignation"]

1. c4 Nf6 2. Nc3 g6 3. g3 Bg7 4.
Bg2 c5 5. Nf3 d6 6. O-O O-O 7.
a3 Nc6 8. Rb1 Rb8 9. b4 Nd4 10. d3 Ne6 11. Ng5 a6 12. Nxe6 Bxe6 13. bxc5 dxc5 14. Bf4 Qd4 15. Bxb8 Rxb8 16. Qc2 b5 17.
cxb5 axb5 18. Rxb5 Rc8 19. Rfb1 c4 20. Rb8 Ng4 21.
Rxc8+ Bxc8 22. Nd1 Be6 23. Rb8+ Bf8 24. dxc4 Bxc4 25.
Rb4 1-0

[Event "*** Qualifier 4: Titled Tuesday 3|2 Blitz"]
[Site "Chess.com"]
[Date "2017.04.25"]
[Round "4"]
[White "indfraeng"]
[Black "DanielNaroditsky"]
[Result "0-1"]
[WhiteElo "1784"]
[BlackElo "2698"]
[TimeControl "180+2"]
[EndTime "13:43:51 PDT"]
[Termination "DanielNaroditsky won by checkmate"]

1. d4 Nf6 2. c4 g6 3. Nc3 d5 4.
Bg5 Bg7 5. Nf3 Ne4 6. Bf4 Nxc3 7. bxc3 dxc4 8. e3 Be6 9. Qa4+ c6 10. Ng5 Bd5 11.
e4 b5 12. Qb4 a5 13. Qb2 e5 14.
dxe5 Be6 15. Nxe6 fxe6 16. Qd2 Qxd2+ 17. Kxd2 Nd7 18. Kc2 O-O 19. Bg3 Bxe5 20. Rd1 Bxg3 21. fxg3 Nc5 22. Rd6 Rf2+ 23. Kd1 Nxe4 24. Rxe6 Nxc3+ 25.
Ke1 Rxa2 26. Rxc6 Re8+ 27. Be2 Rexe2+ 28. Kf1 Ra1# 0-1

[Event "*** Qualifier 4: Titled Tuesday 3|2 Blitz"]
[Site "Chess.com"]
[Date "2017.04.25"]
[Round "4"]
[White "Mbneu"]
[Black "Outsmiter"]
[Result "1-0"]
[WhiteElo "2177"]
[BlackElo "2037"]
[TimeControl "180+2"]
[EndTime "13:43:53 PDT"]
[Termination "Mbneu won by resignation"]

1. d4 d6 2. f4 Nf6 3. c4 g6 4.
Nf3 Bg7 5. Nc3 c5 6. d5 O-O 7. e4 e6 8. Be2 exd5 9. cxd5 Re8 10. e5 dxe5 11. fxe5 Ng4 12. e6 fxe6 13. Bg5 Qd6 14. O-O h6 15. Bh4 Ne3 16. Qd3 Nxf1 17. Qxg6 Rf8 18. Rxf1 Nd7 19. dxe6 Ne5 20. Nxe5 Rxf1+ 21. Bxf1 Qxe5 22. Qf7+ Kh8 23. Qe8+ 1-0

[Event "*** Qualifier 4: Titled Tuesday 3|2 Blitz"]
[Site "Chess.com"]
[Date "2017.04.25"]
[Round "4"]
[White "korason34"]
[Black "Wolverine_master"]
[Result "1-0"]
[WhiteElo "2320"]
[BlackElo "1974"]
[TimeControl "180+2"]
[EndTime "13:44:46 PDT"]
[Termination "korason34 won by resignation"]

1. d4 Nf6 2. c4 c5 3. d5 b5 4.
cxb5 a6 5. bxa6 Bxa6 6. Nc3 d6 7. e4 Bxf1 8. Kxf1 g6 9. h3 Bg7 10. g3 O-O 11. Nf3 Qb6 12. Kg2 Nbd7 13. Re1 Qb7 14.
Re2 Ne8 15. Bf4 Nc7 16. Qc2 Nb5 17. Nxb5 Qxb5 18. e5 dxe5 19. Nxe5 Nxe5 20. Bxe5 c4 21. Bxg7 Qxd5+ 22. Qe4 Qxe4+ 23. Rxe4 Kxg7 24. Rxc4 Rfb8 25. Rc2 Rb4 26. Kf3 Rab8 27. b3 Ra8 28. Rc3 e5 29.
Ke3 f5 30. Kd2 e4 31. Kc2 g5 32. Kb2 f4 33. gxf4 gxf4 34. Rg1+ Kf6 35. Rc6+ Kf5 36.
Rc5+ Kf6 37. Rg4 e3 38. fxe3 fxe3 39. Rxb4 e2 40. Re4 1-0

[Event "*** Qualifier 4: Titled Tuesday 3|2 Blitz"]
[Site "Chess.com"]
[Date "2017.04.25"]
[Round "4"]
[White "maciek_92"]
[Black "Oneofmyturns"]
[Result "1-0"]
[WhiteElo "2522"]
[BlackElo "2504"]
[TimeControl "180+2"]
[EndTime "13:45:02 PDT"]
[Termination "maciek_92 won by resignation"]

1. c4 e6 2. Nc3 d5 3. d4 Nf6 4.
cxd5 exd5 5. Bg5 a6 6. e3 Be6 7.
Bd3 Nbd7 8. Nge2 h6 9. Bh4 g5 10. Bg3 Nh5 11. Qc2 Bg7 12. h3 Nxg3 13. Nxg3 c5 14.
Nh5 Bf8 15. Bf5 Qe7 16. dxc5 Nxc5 17. Rd1 Rd8 18. O-O Ne4 19. Bxe4 dxe4 20. Nxe4 f5 21.
Rxd8+ Qxd8 22. Rd1 Qb6 23. Qc3 1-0

[Event "*** Qualifier 4: Titled Tuesday 3|2 Blitz"]
[Site "Chess.com"]
[Date "2017.04.25"]
[Round "4"]
[White "Rating-Schmating"]
[Black "ruvat"]
[Result "1-0"]
[WhiteElo "2219"]
[BlackElo "2237"]
[TimeControl "180+2"]
[EndTime "13:45:13 PDT"]
[Termination "Rating-Schmating won by resignation"]

1. e4 d6 2. d4 Nf6 3. Nc3 g6 4. h3 Bg7 5. Nf3 O-O 6. Bd3 Nbd7 7. Bf4 Nh5 8. Be3 e5 9. dxe5 dxe5 10. Qd2 c6 11.
O-O-O Qc7 12. Bc4 b5 13. Bb3 a5 14. a3 Nhf6 15. Qd6 Qxd6 16. Rxd6 b4 17. Na4 Nxe4 18. Rxc6 bxa3 19. bxa3 Nef6 20. Rd1 Re8 21. Ng5 Re7 22. Bc5 Nxc5 23. Rd8+ Bf8 24. Nxc5 Bb7 25. Nxb7 Rxd8 26. Nxd8 1-0

[Event "*** Qualifier 4: Titled Tuesday 3|2 Blitz"]
[Site "Chess.com"]
[Date "2017.04.25"]
[Round "4"]
[White "Malev212"]
[Black "L3on4rdo"]
[Result "1-0"]
[WhiteElo "2445"]
[BlackElo "2378"]
[TimeControl "180+2"]
[EndTime "13:45:55 PDT"]
[Termination "Malev212 won by resignation"]

1. d4 Nf6 2. c4 g6 3. Nc3 Bg7 4.
e4 d6 5. f3 c6 6. Nge2 a6 7.
a4 a5 8. Bg5 Na6 9. Qd2 h6 10.
Be3 Nb4 11. Rd1 Nd7 12. Nc1 e5 13. Nb3 O-O 14. Be2 exd4 15. Nxd4 Nc5 16. O-O Kh7 17. Rf2 Qe7 18. Bf1 Bd7 19. Nc2 Nxc2 20. Qxc2 f5 21. Qd2 Rf6 22. Bxc5 1-0

[Event "*** Qualifier 4: Titled Tuesday 3|2 Blitz"]
[Site "Chess.com"]
[Date "2017.04.25"]
[Round "4"]
[White "ABDELAZEEZ-M"]
[Black "rasool78"]
[Result "0-1"]
[WhiteElo "2156"]
[BlackElo "2236"]
[TimeControl "180+2"]
[EndTime "13:46:11 PDT"]
[Termination "rasool78 won by checkmate"]

1. d4 g6 2. c4 Bg7 3. Nf3 c5 4. d5 d6 5. Nc3 Na6 6. e4 Nc7 7. Be2 a6 8. a4 Nf6 9. e5 dxe5 10. Nxe5 Nfxd5 11. Nxf7 Bxc3+ 12. bxc3 Kxf7 13. cxd5 Qxd5 14. Bd2 Qxg2 15. Bf3 Qh3 16. Qe2 Qe6 17. Be3 Nd5 18. O-O Nxe3 19. fxe3 Kg7 20. Rab1 Rb8 21. a5 b5 22.
axb6 Rxb6 23. Rxb6 Qxb6 24. Bd5 Rf8 25. Rxf8 Kxf8 26.
c4 Qb1+ 27. Kg2 Qf5 28. Qa2 Qh3+ 29. Kg1 Qxe3+ 30. Kg2 Bh3+ 31. Kh1 Qe1# 0-1

[Event "*** Qualifier 4: Titled Tuesday 3|2 Blitz"]
[Site "Chess.com"]
[Date "2017.04.25"]
[Round "4"]
[White "Schemato"]
[Black "WeiYi1999"]
[Result "1/2-1/2"]
[WhiteElo "2235"]
[BlackElo "2061"]
[TimeControl "180+2"]
[EndTime "13:46:43 PDT"]
[Termination "Game drawn by agreement"]

1. c4 e5 2. g3 Nf6 3. Bg2 d5 4.
cxd5 Nxd5 5. Nf3 Nc6 6. O-O Be7 7. d4 e4 8. Ne5 O-O 9. Nxc6 bxc6 10.
Bxe4 Bh3 11. Re1 f5 12. Bf3 f4 13. Nc3 fxg3 14. hxg3 Qd7 15. Nxd5 cxd5 16. Bf4 Rxf4 17. gxf4 Rf8 18. e3 Rf6 19. Qb3 Rg6+ 20. Kh2 Rh6 1/2-1/2

[Event "*** Qualifier 4: Titled Tuesday 3|2 Blitz"]
[Site "Chess.com"]
[Date "2017.04.25"]
[Round "4"]
[White "Robin-Side"]
[Black "Ar4uha"]
[Result "0-1"]
[WhiteElo "2316"]
[BlackElo "2463"]
[TimeControl "180+2"]
[EndTime "13:46:48 PDT"]
[Termination "Ar4uha won by checkmate"]

1. e4 d5 2. exd5 Nf6 3. Bb5+ Bd7 4. Bc4 Bg4 5. f3 Bc8 6. Nc3 Nbd7 7. Qe2 Nb6 8. Qd3 g6 9. Nge2 Bf5 10. Ne4 Bg7 11.
Bb5+ Bd7 12. Bxd7+ Qxd7 13. c4 c6 14. Nc5 Qc7 15.
dxc6 Qxc6 16. b4 Nfd7 17. Rb1 Nxc5 18. bxc5 Qxc5 19. Bb2 Rd8 20. Qb3 Bxb2 21. Qxb2 O-O 22. Qc2 Nxc4 23. Rc1 b5 24. d3 Qb4+ 25. Kf2 Ne5 26.
Qc3 Nxd3+ 27. Kg3 Qd6+ 28. f4 Nxc1 29. Nxc1 Rc8 30. Qb2 g5 31. h4 Qxf4+ 32. Kh3 Qxh4# 0-1

[Event "*** Qualifier 4: Titled Tuesday 3|2 Blitz"]
[Site "Chess.com"]
[Date "2017.04.25"]
[Round "4"]
[White "pKiLz5Rn9b"]
[Black "chipmunknau"]
[Result "1-0"]
[WhiteElo "2449"]
[BlackElo "2403"]
[TimeControl "180+2"]
[EndTime "13:47:06 PDT"]
[Termination "pKiLz5Rn9b won by resignation"]

1. e4 c6 2. c4 d5 3. exd5 cxd5 4.
d4 Nf6 5. Nc3 Nc6 6. Bg5 Ne4 7.
Be3 Nxc3 8. bxc3 Qa5 9. cxd5 Qxd5 10. Nf3 Qa5 11. Qd2 Bg4 12. Be2 e6 13. h3 Bh5 14.
Rb1 Qc7 15. Bf4 Qd7 16. Ne5 Nxe5 17. Bxh5 Nc6 18. Bf3 Be7 19. Qb2 b6 20. Qb5 Rc8 21. O-O O-O 22. Rfd1 Nb8 23. Qb3 Bf6 24. c4 Rfd8 25. c5 bxc5 26. dxc5 Qe8 27. Rxd8 Qxd8 28. Bxb8 1-0

[Event "*** Qualifier 4: Titled Tuesday 3|2 Blitz"]
[Site "Chess.com"]
[Date "2017.04.25"]
[Round "4"]
[White "matiss90"]
[Black "politeplayer"]
[Result "0-1"]
[WhiteElo "2300"]
[BlackElo "2193"]
[TimeControl "180+2"]
[EndTime "13:47:08 PDT"]
[Termination "politeplayer won by resignation"]

1. e4 c5 2. Nf3 Nc6 3. d4 cxd4 4.
Nxd4 g6 5. Nc3 Bg7 6. Be3 Nf6 7.
Bc4 O-O 8. Bb3 d6 9. f3 Bd7 10. Qd2 Rc8 11. O-O-O Nxd4 12. Kb1 Nxb3 13. axb3 Qa5 14.
g4 Rc6 15. b4 Qxb4 16. e5 Ne8 17. Nd5 Qxd2 18. Nxe7+ Kh8 19. Rxd2 Ra6 20. exd6 Nxd6 21. Bd4 Bxd4 22. Rxd4 Be6 23. Rhd1 Nb5 24. Rb4 Rd6 25. Re1 a6 26. f4 Re8 27. f5 Rxe7 28. fxe6 Rdxe6 29.
Rxe6 Rxe6 30. c4 Nd6 31. c5 Nb5 32. Rf4 Kg7 33. g5 Re5 34. b4 Rxg5 35. Re4 Nc3+ 0-1

[Event "*** Qualifier 4: Titled Tuesday 3|2 Blitz"]
[Site "Chess.com"]
[Date "2017.04.25"]
[Round "4"]
[White "Aygehovit1992"]
[Black "amaidel"]
[Result "1-0"]
[WhiteElo "2475"]
[BlackElo "2411"]
[TimeControl "180+2"]
[EndTime "13:47:14 PDT"]
[Termination "Aygehovit1992 won by resignation"]

1. e4 e5 2. Nf3 Nf6 3. d4 exd4 4. e5 Ne4 5. Qxd4 d5 6. exd6 Nxd6 7. Nc3 Nc6 8. Qf4 g6 9. Be3 Bg7 10. O-O-O O-O 11.
h4 Qf6 12. Qxf6 Bxf6 13. Nd5 Bd8 14. h5 Bg4 15. hxg6 fxg6 16. Be2 Ne7 17. Bc5 Nxd5 18. Rxd5 Be7 19. Rd4 Be6 20. Bd3 b6 21. Bxd6 Bxd6 22. Ng5 Bxa2 23. b3 Bf4+ 24. Rxf4 Rxf4 25. Kb2 Bxb3 26.
Kxb3 Rxf2 27. Bc4+ Kf8 28. Rxh7 Re8 29. Ne6+ Kg8 30. Rxc7 Kh8 31. Ng5 Re3+ 32. c3 1-0

[Event "*** Qualifier 4: Titled Tuesday 3|2 Blitz"]
[Site "Chess.com"]
[Date "2017.04.25"]
[Round "4"]
[White "GGuseinov"]
[Black "r31415"]
[Result "1-0"]
[WhiteElo "2702"]
[BlackElo "2202"]
[TimeControl "180+2"]
[EndTime "13:47:19 PDT"]
[Termination "GGuseinov won by resignation"]

1. e4 d6 2. d4 Nf6 3. Nc3 g6 4. Nf3 Bg7 5. Be2 c6 6. O-O O-O 7. a4 Qc7 8. Be3 Nbd7 9. Nd2 b6 10.
f4 e5 11. dxe5 dxe5 12. Nc4 Rd8 13. Qd6 Ne8 14. Qxc7 Nxc7 15. f5 Bf8 16. Rad1 Ba6 17. g4 Bc5 18. Bxc5 Nxc5 19. b4 Nd7 20. Nd6 Bxe2 21.
Nxe2 Nf8 22. c4 Ne8 23. Nxe8 Rxe8 24. Rd6 Rac8 25. c5 a5 26. cxb6 axb4 27. a5 c5 28. a6 c4 29. b7 Rb8 30. Rb6 b3 31. a7 1-0

[Event "*** Qualifier 4: Titled Tuesday 3|2 Blitz"]
[Site "Chess.com"]
[Date "2017.04.25"]
[Round "4"]
[White "saraswathii"]
[Black "bugsbunny444"]
[Result "1-0"]
[WhiteElo "2229"]
[BlackElo "2354"]
[TimeControl "180+2"]
[EndTime "13:47:21 PDT"]
[Termination "saraswathii won by resignation"]

1. e4 e6 2. d3 d5 3. Nd2 c5 4. Ngf3 Nc6 5. g3 g6 6. Bg2 Bg7 7. O-O Nge7 8. Qe2 O-O 9. c3 b6 10. h4 h6 11. e5 a5 12. Re1 a4 13. a3 Kh7 14. Nf1 Ra7 15. Bf4 Bb7 16. Ne3 Na5 17. Rad1 d4 18. cxd4 cxd4 19. Ng4 Nf5 20.
Rc1 Nb3 21. Rc2 Qa8 22. Nf6+ Bxf6 23. exf6 e5 24. Bxe5 Re8 25. g4 Nd6 26. Rc7 Ra5 27.
Bxd6 Rxe2 28. Rxf7+ Kh8 29. Rxe2 Bxf3 30. Ree7 1-0

[Event "*** Qualifier 4: Titled Tuesday 3|2 Blitz"]
[Site "Chess.com"]
[Date "2017.04.25"]
[Round "4"]
[White "pawnwonder"]
[Black "cailinchetty"]
[Result "0-1"]
[WhiteElo "1839"]
[BlackElo "1946"]
[TimeControl "180+2"]
[EndTime "13:47:21 PDT"]
[Termination "cailinchetty won by resignation"]

1. e4 c5 2. Nf3 Nc6 3. Bb5 Nd4 4.
Nxd4 cxd4 5. c3 a6 6. Be2 dxc3 7. dxc3 g6 8. O-O Bg7 9. Re1 d6 10. Bf1 Nf6 11. Bg5 O-O 12. Na3 Be6 13. Nc2 Qb6 14.
b3 Rac8 15. c4 Ng4 16. Qd2 Bxa1 17. Rxa1 f6 18. Bf4 g5 19. Bg3 Kg7 20. h3 Nh6 21.
Nd4 Bd7 22. Qe3 Qc5 23. Qd2 e5 24. Nc2 Bc6 25. b4 Qb6 26. Qxd6 Rcd8 27. Qc5 Qxc5 28. bxc5 Bxe4 29. Ne3 Rfe8 30. h4 g4 31. Be2 f5 32. f3 gxf3 33. gxf3 Bc6 34. Bf2 f4 35. Ng4 Nxg4 36. fxg4 e4 37. Re1 e3 0-1

[Event "*** Qualifier 4: Titled Tuesday 3|2 Blitz"]
[Site "Chess.com"]
[Date "2017.04.25"]
[Round "4"]
[White "scrapnel"]
[Black "hansen"]
[Result "0-1"]
[WhiteElo "2473"]
[BlackElo "2654"]
[TimeControl "180+2"]
[EndTime "13:47:22 PDT"]
[Termination "hansen won on time"]

1. Nf3 Nf6 2. c4 b6 3. g3 Bb7 4. Bg2 g6 5. O-O Bg7 6. d3 O-O 7. e4 c5 8. e5 Ne8 9. Re1 d6 10. e6 f5 11. Nc3 Nc7 12. d4 cxd4 13. Nxd4 Bxg2 14. Kxg2 Qc8 15. Nd5 Nxd5 16. cxd5 Qc4 17. Nf3 Na6 18. b3 Qb5 19. a4 Qa5 20. Ra2 Nc7 21.
Rd2 Bc3 22. Rd3 Bxe1 23. Nxe1 f4 24. Bb2 Rf5 0-1

[Event "*** Qualifier 4: Titled Tuesday 3|2 Blitz"]
[Site "Chess.com"]
[Date "2017.04.25"]
[Round "4"]
[White "tigra"]
[Black "asms9699"]
[Result "1-0"]
[WhiteElo "2597"]
[BlackElo "2446"]
[TimeControl "180+2"]
[EndTime "13:47:26 PDT"]
[Termination "tigra won by resignation"]

1. e4 e6 2. d4 d5 3. Nc3 Nf6 4. Bg5 Be7 5. e5 Nfd7 6. Bxe7 Qxe7 7.
f4 a6 8. Nf3 c5 9. Qd2 Nc6 10.
dxc5 Qxc5 11. Bd3 b5 12. a3 Bb7 13. Qf2 Rc8 14. Ne2 Qxf2+ 15. Kxf2 Nc5 16. Ned4 Ne4+ 17. Ke3 Ne7 18. a4 b4 19. a5 g6 20. Ra4 Nf5+ 21. Nxf5 gxf5 22. Rxb4 Rc7 23. Ra1 Ke7 24. Ra3 Rg8 25.
Rab3 Bc8 26. g3 Bd7 27. Rb7 Rgc8 28. Rxc7 Rxc7 29. Rb6 Nc5 30. Nd4 Na4 31. Rb4 Nc5 32. Be2 f6 33. exf6+ Kxf6 34. b3 e5 35. Rb6+ Ne6 36.
fxe5+ Kxe5 37. Nf3+ Kf6 38. Bd3 Bc6 39. Rxa6 Ke7 40. Rb6 Kd6 41. Nd4 Nc5 42. Nb5+ 1-0

[Event "*** Qualifier 4: Titled Tuesday 3|2 Blitz"]
[Site "Chess.com"]
[Date "2017.04.25"]
[Round "4"]
[White "Enzy63"]
[Black "LonesomeGeorge1"]
[Result "0-1"]
[WhiteElo "2017"]
[BlackElo "2218"]
[TimeControl "180+2"]
[EndTime "13:47:27 PDT"]
[Termination "LonesomeGeorge1 won by checkmate"]

1. d4 Nf6 2. Nf3 g6 3. c4 Bg7 4. g3 O-O 5. Bg2 d6 6. O-O Nbd7 7. Nc3 e5 8. e4 exd4 9. Nxd4 Re8 10. Re1 a6 11.
Be3 Rb8 12. f3 Ne5 13. b3 c5 14. Nc2 b5 15. cxb5 axb5 16. Bg5 h6 17. Bxf6 Bxf6 18. Nd5 Bg7 19. Rb1 Ra8 20. a3 Be6 21. h3 Nc6 22. f4 Nd4 23. Nce3 Rxa3 24. g4 Qa5 25.
f5 Bxd5 26. Nxd5 Be5 27. b4 cxb4 28. Nxb4 g5 29. Nc2 Nxc2 30. Qxc2 Ra2 31. Qc6 Qa7+ 32. Kh1 Rb8 33. Rf1 Qe3 34. Rf3 Qe2 35. Rg1 Qxf3 36. Bxf3 Rh2# 0-1

[Event "*** Qualifier 4: Titled Tuesday 3|2 Blitz"]
[Site "Chess.com"]
[Date "2017.04.25"]
[Round "4"]
[White "LyonBeast"]
[Black "AkshatChandra"]
[Result "1-0"]
[WhiteElo "2793"]
[BlackElo "2682"]
[TimeControl "180+2"]
[EndTime "13:47:34 PDT"]
[Termination "LyonBeast won on time"]

1. e4 e6 2. d4 d5 3. Nc3 Nf6 4.
e5 Nfd7 5. f4 c5 6. Nf3 Nc6 7.
Be3 Be7 8. Qd2 b6 9. O-O-O c4 10. f5 b5 11. Qf2 b4 12. fxe6 bxc3 13. exd7+ Bxd7 14. bxc3 Qa5 15. Kd2 O-O 16. Be2 Rab8 17. Rb1 Bf5 18. Nh4 Bxh4 19. Qxf5 g6 20. Qh3 Be7 21.
Rxb8 Rxb8 22. Qd7 Bb4 23. cxb4 Nxb4 24. c3 Nxa2 25. Ke1 Nxc3 26. Kf2 Ne4+ 27. Kf3 Qc3 28. Qxd5 Nd2+ 29. Kf2 1-0

[Event "*** Qualifier 4: Titled Tuesday 3|2 Blitz"]
[Site "Chess.com"]
[Date "2017.04.25"]
[Round "4"]
[White "TenisMaster"]
[Black "Osensei"]
[Result "1-0"]
[WhiteElo "2673"]
[BlackElo "1829"]
[TimeControl "180+2"]
[EndTime "13:47:34 PDT"]
[Termination "TenisMaster won by resignation"]

1. d4 Nf6 2. c4 g6 3. Nf3 Bg7 4.
g3 O-O 5. Bg2 d6 6. O-O Nc6 7.
Nc3 a6 8. e4 e5 9. h3 Rb8 10.
Be3 b5 11. cxb5 axb5 12. d5 Na5 13. b4 Nc4 14. Bc1 Ne8 15. Nd2 Nxd2 16. Bxd2 f5 17.
Qe2 Nf6 18. exf5 gxf5 19. Nxb5 Ba6 20. a4 Qd7 21. Rac1 e4 22. Bg5 Nxd5 23. Qc4 c6 24. Qxc6 Bxb5 25. Qxd5+ Kh8 26. axb5 Rxb5 27. Qc6 Qxc6 28.
Rxc6 d5 29. Be7 Re8 30. Bc5 d4 31. Rd6 d3 32. Rd5 Bc3 33. Rxf5 Bxb4 34. Bd4+ Kg8 35. Rxb5 1-0

[Event "*** Qualifier 4: Titled Tuesday 3|2 Blitz"]
[Site "Chess.com"]
[Date "2017.04.25"]
[Round "4"]
[White "johnathan113"]
[Black "theprosecution1"]
[Result "0-1"]
[WhiteElo "2458"]
[BlackElo "2607"]
[TimeControl "180+2"]
[EndTime "13:47:35 PDT"]
[Termination "theprosecution1 won by resignation"]

1. e4 c5 2. Nf3 d6 3. d4 cxd4 4. Nxd4 Nf6 5. Nc3 g6 6. f3 Bg7 7. Be3 Nc6 8. Bc4 O-O 9. Qe2 Bd7 10.
O-O-O Rc8 11. Nxc6 Rxc6 12. Bb3 Rxc3 13. bxc3 Qa5 14.
Bd4 e5 15. Be3 Qxc3 16. Kb1 d5 17. Bd2 Qc5 18. Bg5 Bb5 19. Qe3 d4 20. Qd2 Rc8 21. h4 b6 22. Rc1 a5 23. a4 Be8 24.
h5 Nxh5 25. g4 Nf6 26. Qh2 b5 27.
Bxf6 Bxf6 28. Qxh7+ Kf8 29. axb5 a4 30. Bxa4 Qa3 31.
g5 Bg7 32. Qh3 Ra8 33. f4 Qxa4 0-1

[Event "*** Qualifier 4: Titled Tuesday 3|2 Blitz"]
[Site "Chess.com"]
[Date "2017.04.25"]
[Round "4"]
[White "Gabix_94"]
[Black "PelinGorki"]
[Result "1-0"]
[WhiteElo "2436"]
[BlackElo "2325"]
[TimeControl "180+2"]
[EndTime "13:47:35 PDT"]
[Termination "Gabix_94 won by checkmate"]

1. e4 d6 2. d4 Nf6 3. Nc3 c6 4.
f4 Qa5 5. Nf3 Nxe4 6. Bd3 Nxc3 7.
bxc3 Qxc3+ 8. Bd2 Qa3 9. O-O g6 10. f5 gxf5 11. Ng5 h6 12. Qh5 hxg5 13. Qxh8 f4 14.
Rae1 Nd7 15. Qh5 Nf6 16. Qxg5 Be6 17. Bxf4 O-O-O 18. Bf5 Qxa2 19. Bxe6+ fxe6 20. Ra1 Qxc2 21. Rxa7 Qd3 22. Qa5 Qxd4+ 23. Kh1 Kd7 24. Rxb7+ Ke8 25. Qe1 Bg7 26. Qg3 Kf8 27. Rxe7 Nh5 28. Qh4 Bf6 29. Qxh5 Kxe7 30. Qh7+ Ke8 31. Bg5 Qc4 32. Rxf6 Rd7 33. Qg8+ Ke7 34. Rf1# 1-0

[Event "*** Qualifier 4: Titled Tuesday 3|2 Blitz"]
[Site "Chess.com"]
[Date "2017.04.25"]
[Round "4"]
[White "poummba"]
[Black "Grootneus"]
[Result "1-0"]
[WhiteElo "2366"]
[BlackElo "2098"]
[TimeControl "180+2"]
[EndTime "13:47:36 PDT"]
[Termination "poummba won by resignation"]

1. e4 d6 2. d4 g6 3. Nf3 Bg7 4. Bc4 a6 5. Bb3 b5 6. O-O Bb7 7. Re1 Nd7 8. a4 c5 9. dxc5 Nxc5 10. Bd5 Bxd5 11. exd5 Nf6 12. Nd4 O-O 13. Nc6 Qb6 14. Nxe7+ Kh8 15. axb5 axb5 16. Rxa8 Rxa8 17.
Nc6 Ra1 18. Na3 Nce4 19. Qe2 h5 20. Be3 Rxe1+ 21. Qxe1 Qb7 22. f3 Nc5 23. Qd2 Nfd7 24. Bd4 b4 25. Bxg7+ Kxg7 26. Qxb4 Qa6 27. Qc4 Qc8 28. b4 Nb6 29. Qd4+ 1-0

[Event "*** Qualifier 4: Titled Tuesday 3|2 Blitz"]
[Site "Chess.com"]
[Date "2017.04.25"]
[Round "4"]
[White "aRk_iN"]
[Black "MasterLeif"]
[Result "0-1"]
[WhiteElo "2093"]
[BlackElo "2294"]
[TimeControl "180+2"]
[EndTime "13:47:45 PDT"]
[Termination "MasterLeif won on time"]

1. e4 Nf6 2. e5 Nd5 3. c4 Nb6 4.
c5 Nd5 5. Bc4 e6 6. Nc3 Bxc5 7.
d4 Bb4 8. Ne2 O-O 9. O-O d6 10.
Nxd5 exd5 11. Bxd5 c6 12. Bb3 dxe5 13. dxe5 Bg4 14.
Qxd8 Rxd8 15. Ng3 Nd7 16. f4 Nc5 17. Bc2 Nd3 18. Be3 Nxb2 19. Rab1 Nc4 20. Bxa7 Rxa7 21. Rxb4 Ne3 22. Rc1 Rxa2 23. Be4 h5 24. h3 Bc8 25. Nxh5 Rdd2 26. Rc3 Rd1+ 27. Kh2 Nf1+ 28. Kg1 Ng3+ 29. Kh2 Nxh5 30. Bf3 Rdd2 31. Bxh5 Rxg2+ 32. Kh1 Rh2+ 33. Kg1 Bxh3 0-1

[Event "*** Qualifier 4: Titled Tuesday 3|2 Blitz"]
[Site "Chess.com"]
[Date "2017.04.25"]
[Round "4"]
[White "1stSecond"]
[Black "GMHess"]
[Result "1-0"]
[WhiteElo "2502"]
[BlackElo "2558"]
[TimeControl "180+2"]
[EndTime "13:47:55 PDT"]
[Termination "1stSecond won by resignation"]

1. d4 Nf6 2. c4 e6 3. Nf3 d5 4. Nc3 dxc4 5. e3 a6 6. a4 c5 7. Bxc4 Nc6 8. O-O cxd4 9. exd4 Nb4 10.
Qe2 Be7 11. Ne5 O-O 12. Rd1 b6 13. Qf3 Rb8 14. Bf4 Bb7 15. Qh3 Rc8 16. Rac1 Nfd5 17. Bd2 Bg5 18. Bxg5 Qxg5 19. Ne4 Qe7 20. Qg3 h6 21. h4 Nf6 22. Nxf6+ Qxf6 23. Ng4 Qg6 24. h5 Qg5 25. f4 Qe7 26. Nxh6+ Kh7 27. Ng4 Rc7 28.
Bd3+ Nxd3 29. Qxd3+ Kh8 30. h6 g6 31. Qe3 Rxc1 32.
Rxc1 Kh7 33. Qe5 f6 34. Rc7 1-0

[Event "*** Qualifier 4: Titled Tuesday 3|2 Blitz"]
[Site "Chess.com"]
[Date "2017.04.25"]
[Round "4"]
[White "FearlessKing64"]
[Black "chesstatour"]
[Result "0-1"]
[WhiteElo "2094"]
[BlackElo "1905"]
[TimeControl "180+2"]
[EndTime "13:48:00 PDT"]
[Termination "chesstatour won by resignation"]

1. e4 c6 2. d4 d5 3. e5 c5 4. c3 Nc6 5. Be3 Bf5 6. a3 e6 7. b4 cxd4 8. cxd4 f6 9. f4 g5 10. Nf3 gxf4 11. Bxf4 Bg7 12. Be2 fxe5 13. Nxe5 Nxe5 14. dxe5 Ne7 15. O-O O-O 16. Qd4 Ng6 17. g3 Qb6 18. Qxb6 axb6 19. Nc3 Nxe5 20. Nb5 Ng6 21. Ra2 Bh3 22. Rf2 Nxf4 23. gxf4 Rac8 24. Bf1 Rc1 25. Rad2 Rf6 26. Nc7 Rg6+ 27. Kh1 Bxf1 0-1

[Event "*** Qualifier 4: Titled Tuesday 3|2 Blitz"]
[Site "Chess.com"]
[Date "2017.04.25"]
[Round "4"]
[White "iturrizaga"]
[Black "wnstop"]
[Result "1-0"]
[WhiteElo "2654"]
[BlackElo "2470"]
[TimeControl "180+2"]
[EndTime "13:48:03 PDT"]
[Termination "iturrizaga won by resignation"]

1. Nf3 Nf6 2. c4 g6 3. g3 Bg7 4. Bg2 O-O 5. O-O d6 6. d4 Nc6 7. Nc3 a6 8. Bf4 h6 9. Rc1 Rb8 10.
b3 e6 11. d5 e5 12. dxc6 exf4 13. gxf4 Nh5 14. cxb7 Bxb7 15. e3 Re8 16. c5 Bc6 17.
cxd6 cxd6 18. Nd5 Bxd5 19. Qxd5 Rb5 20. Qd3 Qa5 21. Rc2 Rd5 22. Qc4 Rc5 23. Qd3 Rd5 24. b4 Rxd3 25. bxa5 Ra3 26. Rd1 Rd8 27. Ne5 Nf6 28.
Nc6 Rd7 29. Nb8 Rb7 30. Bxb7 1-0

[Event "*** Qualifier 4: Titled Tuesday 3|2 Blitz"]
[Site "Chess.com"]
[Date "2017.04.25"]
[Round "4"]
[White "biostatistician"]
[Black "geeeeri"]
[Result "1-0"]
[WhiteElo "2437"]
[BlackElo "2277"]
[TimeControl "180+2"]
[EndTime "13:48:05 PDT"]
[Termination "biostatistician won by resignation"]

1. d4 Nf6 2. Nf3 g6 3. c4 Bg7 4. Nc3 d6 5. e4 O-O 6. Be2 e5 7. dxe5 dxe5 8. Qxd8 Rxd8 9. Bg5 Re8 10. Nd5 Nxd5 11.
cxd5 c6 12. Bc4 b5 13. Bb3 c5 14. a4 c4 15. Bd1 b4 16. Rc1 Ba6 17. Nd2 Rc8 18.
Bg4 Rc5 19. Be7 Ra5 20. Nxc4 Rxa4 21. b3 Ra2 22. Bxb4 Bxc4 23. bxc4 Na6 24. Be7 f5 25. exf5 Kf7 26. Bd6 Bh6 27. Rd1 Rd8 28. c5 Nb4 29. O-O Bf8 30. fxg6+ hxg6 31. Bxf8 Kxf8 32. c6 Rc2 33.
Be6 Ke7 34. Rc1 Kd6 35. Rxc2 Nxc2 36. Rc1 Rb8 37. h4 Rb2 38. Bf7 Kc7 39. Bxg6 Nd4 40. d6+ Kxd6 41. c7 Ne2+ 42. Kh2 Nxc1 43. c8=Q 1-0

[Event "*** Qualifier 4: Titled Tuesday 3|2 Blitz"]
[Site "Chess.com"]
[Date "2017.04.25"]
[Round "4"]
[White "Winehouse83"]
[Black "MyleneFarmer"]
[Result "0-1"]
[WhiteElo "2271"]
[BlackElo "2346"]
[TimeControl "180+2"]
[EndTime "13:48:06 PDT"]
[Termination "MyleneFarmer won by resignation"]

1. d4 Nf6 2. c4 c5 3. d5 b5 4. Nf3 e6 5. dxe6 fxe6 6. cxb5 d5 7.
g3 Bd6 8. Bg2 O-O 9. O-O Nbd7 10. Nbd2 a6 11. bxa6 Bxa6 12. Re1 e5 13. e4 d4 14. b3 Qa5 15. Bb2 Rfb8 16. Bf1 Nb6 17. Qc2 Bxf1 18. Rxf1 Qb5 19. Rfc1 Kh8 20. Ne1 Qe2 21. Qd3 Qxd3 22. Nxd3 c4 23. Nxc4 Nxc4 24. Rxc4 Nxe4 25. Re1 Nd2 26. Rc6 Nf3+ 27. Kf1 Nxe1 28. Kxe1 e4 29. Rxd6 exd3 30. Bxd4 Rxa2 31. Rd7 Kg8 32.
Bc3 Rxb3 33. Rxd3 Rb1+ 34. Rd1 Rxd1+ 35. Kxd1 Rxf2 36. h4 Kf7 37. Be1 Rg2 0-1